 Dungeon Crawl Stone Soup version 0.22-a0-78-g0f8607c (webtiles) character file.

7 oplop the Chiller (level 2, -1/17 HPs)
             Began as an Octopode Ice Elementalist on Jan 16, 2018.
             Slain by an ooze (2 damage)
             ... on level 1 of the Dungeon.
             The game lasted 00:01:12 (187 turns).

oplop the Chiller (Octopode Ice Elementalist)        Turns: 187, Time: 00:01:13

Health: -1/17      AC:  1    Str:  7    XL:     2   Next: 0%
Magic:  3/5        EV: 13    Int: 17    God:
Gold:   8          SH:  0    Dex: 12    Spells: 4/5 levels left

rFire    . . .     SeeInvis .   (no weapon)
rCold    . . .     Gourm    .   (no shield)
rNeg     . . .     Faith    .   (helmet restricted)
rPois    .         Spirit   .   (no amulet)
rElec    .         Reflect  .   (no ring)
rCorr    .         Harm     .   (no ring)
MR       .....                  (no ring)
Stlth    +++.......             (no ring)
HPRegen  0.05/turn              (no ring)
MPRegen  0.09/turn              (no ring)
                                (no ring)
                                (no ring)

@: no status effects
A: almost no armour, stealthy swim, amphibious, 8 rings, constrict 8, camouflage
1, gelatinous body 1
a: no special abilities


You were on level 1 of the Dungeon.
You were not hungry.

You visited 1 branch of the dungeon, and saw 1 of its levels.

You collected 8 gold pieces.

Inventory:

Scrolls
 e - 2 scrolls of amnesia {unknown}
 f - a scroll of identify {unknown}
Potions
 c - a potion of brilliance {unknown}
 d - a potion of flight {unknown}
 g - a potion of invisibility {unknown}
Books
 a - a book of Frost

   Spells                             Type                      Level
   a - Freeze                         Ice                          1
   b - Throw Frost                    Conjuration/Ice              2
   c - Ozocubu's Armour               Charms/Ice                   3
   d - Throw Icicle                   Conjuration/Ice              4
   e - Summon Ice Beast               Ice/Summoning                4
Comestibles
 b - a ration


   Skills:
 + Level 0.3 Fighting
 + Level 2.1 Dodging
 - Level 2.6 Stealth
 * Level 2.2 Spellcasting
   Level 1.0 Conjurations
 * Level 3.1 Ice Magic


You had 4 spell levels left.
You knew the following spells:

 Your Spells              Type           Power        Failure   Level  Hunger
a - Freeze                Ice            ##..         5%          1    #......


Dungeon Overview and Level Annotations

Branches:
Dungeon (1/15)

Altars:


Innate Abilities, Weirdness & Mutations

You cannot wear most types of armour.
You are very stealthy in the water. (Stealth+)
You are amphibious.
You can wear up to eight rings at the same time.
You can use your tentacles to constrict eight enemies at once.
Your skin changes colour to match your surroundings (Stealth+).
Your rubbery body absorbs attacks. (AC +1, EV +1)


Message History

You are too injured to fight recklessly!
You are too injured to fight recklessly!
You are too injured to fight recklessly!
The ooze quivers.
You completely miss the ooze. The ooze hits you.
* * * LOW HITPOINT WARNING * * *
You tentacle-slap the ooze but do no damage.
You squeeze the ooze.
The ooze is heavily wounded.
The ooze hits you.
* * * LOW HITPOINT WARNING * * *
Casting: Freeze
Confirm with . or Enter, or press ? or * to list all spells.
Aiming: Freeze
Press: ? - help, Shift-Dir - straight line, f - ooze
Aim: an ooze (heavily wounded)
You freeze the ooze.
The ooze is severely wounded.
The ooze hits you.
You die...

#####.# .######.# #.....#
........##
#####.############...############
....†............................
###.###..........#.#..#####......
......#.########.#.##.# #......
.##.#.#.# #.#. #.# #......
#.#.#.# #.#+##..# #...... #.# #.#
#@....#.# #...... #.# #.#
#J....#.. #...... #.# #..
#.....##.# ####### #.# #..
#.#.### .###.<.### #.. #.#.#
#.....## #.#.# #.#8≈8#.# #.#.# #
#≈≈≈#.# #.# #8≈8#.# # #≈≈≈#.#


You could see an ooze.

Vanquished Creatures
  A dart slug (D:1)
  A goblin (D:1)
  2 bats (D:1)
  A kobold (D:1)
5 creatures vanquished.

Notes
Turn   | Place    | Note
-------+----------+-------------------------------------------
     0 | D:1      | oplop the Octopode Ice Elementalist began the quest for the Orb.
     0 | D:1      | Reached XP level 1. HP: 11/11 MP: 3/3
     0 | D:1      | oplop: ??lich form
     0 | D:1      | beem: necromutation[1/2]: Level 8. Induces lichform: draining-brand unarmed, +6 AC, +40 MR, rC+, necromancy enhancer, and undead for all game purposes (NO POTIONS, rN+++, rPois, mutation immunity, torment immunity, no transformations, no berserk, dispel undead vulnerability, no regen spell or ddoor or borg or bloodsub).
     0 | D:1      | oplop: ??lich form[2
     0 | D:1      | beem: necromutation[2/2]: Contrary to popular belief, not required (or necessarily even advisable) for a "caster" even if you are planning to all-rune.
   167 | D:1      | Reached XP level 2. HP: 7/17 MP: 3/5
   187 | D:1      | Slain by an ooze

Vault maps used:
D:1:      lightli_arrival_statue_moat

Action                   || total
-------------------------++-------
Melee: Unarmed           ||    20
       Constrict         ||     7
       Tentacles         ||     3
 Cast: Freeze            ||     4
 Stab: Sleeping          ||     2
Armor: Skin              ||     8
Dodge: Dodged            ||    20

Table legend:
 A = Spawn XP
 B = Non-spawn XP
 C = Spawn XP percentage of total XP
 D = Spawn monster count
 E = Non-spawn monster count
 F = Spawn count percentage of total count
 G = Total turns spent on level
                    A         B        C        D         E        F      G
               +---------+---------+-------+---------+---------+-------+---------
         Total |       0 |      10 |   0.0 |       0 |       5 |   0.0 |   187
               +---------+---------+-------+---------+---------+-------+---------
           D:1 |       0 |      10 |   0.0 |       0 |       5 |   0.0 |   187
               +---------+---------+-------+---------+---------+-------+---------
